| TOP OF THE 1ST |
|
Kane County Cougars batting - Pitching for Peoria Chiefs : LHP Vince Zujovic
|
|
Pitching: LHP Vince Zujovic
|
|
|
Batting: RHB Francisco Gutierrez
|
0-0: Foul Ball, location: 2F 0-1: Swinging Strike 0-2: Ball 1-2: Ground out 6-3 (Groundball, 56, EV 102.5 MPH)
|
|
Batting: SHB Blaine Peters
|
0-0: Swinging Strike 0-1: Fly out, F7 (Flyball, 7, EV 90.6 MPH)
|
|
Batting: LHB J.P. Olson
|
0-0: Called Strike 0-1: Foul Ball, location: 2F 0-2: Ball 1-2: Ball 2-2: Strikes out swinging
|
| Top of the 1st over - 0 runs, 0 hits, 0 errors, 0 left on base; Kane County 0 - Peoria 0 |
| BOTTOM OF THE 1ST |
|
Peoria Chiefs batting - Pitching for Kane County Cougars : RHP Reynaldo Edwards
|
|
Pitching: RHP Reynaldo Edwards
|
|
|
Batting: RHB Robby Hickman
|
0-0: Called Strike 0-1: Foul Ball, location: 2F 0-2: Foul Ball, location: 2F 0-2: Foul Ball, location: 2F 0-2: Ball 1-2: Ground out 5-3 (Groundball, 5, EV 88.8 MPH)
|
|
Batting: RHB Tommy Tracy
|
0-0: Ground out 4-3 (Groundball, 4M, EV 101.2 MPH)
|
|
Batting: SHB Gerardo Macias
|
0-0: Ball 1-0: Foul Ball, location: 2F 1-1: Foul Ball, location: 2F 1-2: Ground out 4-3 (Groundball, 34, EV 107.5 MPH)
|
| Bottom of the 1st over - 0 runs, 0 hits, 0 errors, 0 left on base; Kane County 0 - Peoria 0 |
| TOP OF THE 2ND |
|
Kane County Cougars batting - Pitching for Peoria Chiefs : LHP Vince Zujovic
|
|
Batting: RHB Chad Mendoza
|
0-0: Ball 1-0: Ball 2-0: Ball 3-0: Called Strike 3-1: Base on Balls
|
|
Batting: SHB John Cummings
|
0-0: Called Strike 0-1: Ball 1-1: Grounds into double play, 6-4-3 (Groundball, 6D, EV 95.6 MPH)
|
|
Batting: RHB D.J. Cooke
|
0-0: Ball 1-0: Fly out, F8 (Flyball, 78D, EV 93.8 MPH)
|
| Top of the 2nd over - 0 runs, 0 hits, 0 errors, 0 left on base; Kane County 0 - Peoria 0 |
| BOTTOM OF THE 2ND |
|
Peoria Chiefs batting - Pitching for Kane County Cougars : RHP Reynaldo Edwards
|
|
Batting: RHB Edgar Landim
|
0-0: Ball 1-0: Ball 2-0: Ball 3-0: Base on Balls
|
|
Batting: LHB Ken Morehead
|
0-0: Swinging Strike 0-1: Fly out, F7 (Flyball, 78M, EV 92.5 MPH)
|
|
Batting: RHB Pat Scaturro
|
0-0: Foul Ball, location: 2F 0-1: Ball 1-1: Fly out, F3 (Popup, 23F, EV 77.5 MPH)
|
|
Batting: RHB Bobby Miles
|
0-0: Swinging Strike 0-1: Foul Ball, location: 2F 0-2: Foul Ball, location: 2F 0-2: Strikes out swinging
|
| Bottom of the 2nd over - 0 runs, 0 hits, 0 errors, 1 left on base; Kane County 0 - Peoria 0 |
| TOP OF THE 3RD |
|
Kane County Cougars batting - Pitching for Peoria Chiefs : LHP Vince Zujovic
|
|
Batting: RHB Sergio Manzanero
|
0-0: Ball 1-0: Called Strike 1-1: Ball 2-1: Foul Ball, location: 2F 2-2: Foul Ball, location: 2F 2-2: Ball 3-2: Ground out 6-3 (Groundball, 6M, EV 102.5 MPH)
|
|
Batting: RHB Gary Hills
|
0-0: Ball 1-0: Called Strike 1-1: Swinging Strike 1-2: Ball 2-2: Ground out 5-3 (Groundball, 5, EV 85.0 MPH)
|
|
Batting: LHB Jeff Trapp
|
0-0: Called Strike 0-1: Foul Ball, location: 2F 0-2: Ball 1-2: Strikes out looking
|
| Top of the 3rd over - 0 runs, 0 hits, 0 errors, 0 left on base; Kane County 0 - Peoria 0 |
| BOTTOM OF THE 3RD |
|
Peoria Chiefs batting - Pitching for Kane County Cougars : RHP Reynaldo Edwards
|
|
Batting: SHB Hank Arias
|
0-0: Called Strike 0-1: Ball 1-1: Ball 2-1: Fly out, F5 (Popup, 25F, EV 88.8 MPH)
|
|
Batting: RHB Julio Sandoval
|
0-0: Ball 1-0: Ball 2-0: Called Strike 2-1: Swinging Strike 2-2: Ball 3-2: Base on Balls
|
|
Batting: RHB Robby Hickman
|
0-0: Foul Ball, location: 2F 0-1: Ball 1-1: Fielders Choice at 2nd, 2-4 (Groundball, 15S, EV 68.8 MPH)
|
|
Batting: RHB Tommy Tracy
|
0-0: Swinging Strike 0-1: Ball Robby Hickman is caught stealing 2nd base 2-4
|
| Bottom of the 3rd over - 0 runs, 0 hits, 0 errors, 0 left on base; Kane County 0 - Peoria 0 |
| TOP OF THE 4TH |
|
Kane County Cougars batting - Pitching for Peoria Chiefs : LHP Vince Zujovic
|
|
Batting: RHB Francisco Gutierrez
|
0-0: Foul Ball, location: 2F 0-1: Ground out U3 (Groundball, 34, EV 87.5 MPH)
|
|
Batting: SHB Blaine Peters
|
0-0: Foul Ball, location: 2F 0-1: Foul Ball, location: 2F 0-2: Ball 1-2: Strikes out looking
|
|
Batting: LHB J.P. Olson
|
0-0: Called Strike 0-1: Ball 1-1: Fly out, F7 (Flyball, 7LS, EV 93.1 MPH)
|
| Top of the 4th over - 0 runs, 0 hits, 0 errors, 0 left on base; Kane County 0 - Peoria 0 |
| BOTTOM OF THE 4TH |
|
Peoria Chiefs batting - Pitching for Kane County Cougars : RHP Reynaldo Edwards
|
|
Batting: RHB Tommy Tracy
|
0-0: Ball 1-0: Foul Ball, location: 2F 1-1: Called Strike 1-2: Foul Ball, location: 2F 1-2: Ball 2-2: Ball 3-2: Foul Ball, location: 2F 3-2: Fly out, F8 (Flyball, 89M, EV 75.0 MPH)
|
|
Batting: SHB Gerardo Macias
|
0-0: Foul Ball, location: 2F 0-1: Ball 1-1: Ball 2-1: SOLO HOME RUN (Line Drive, 9D, EV 96.2 MPH), Distance : 370 ft
|
|
Batting: RHB Edgar Landim
|
0-0: Called Strike 0-1: Foul Ball, location: 2F 0-2: Ball 1-2: Foul Ball, location: 2F 1-2: Foul Ball, location: 2F 1-2: Fly out, F5 (Line Drive, 5, EV 71.9 MPH)
|
|
Batting: LHB Ken Morehead
|
0-0: Foul Ball, location: 2F 0-1: Ball 1-1: Ball 2-1: Foul Ball, location: 2F 2-2: Foul Ball, location: 2F 2-2: Hit by Pitch
|
|
Batting: RHB Pat Scaturro
|
0-0: Ball 1-0: Ground out 4-3 (Groundball, 4S, EV 87.5 MPH)
|
| Bottom of the 4th over - 1 run, 1 hit, 0 errors, 1 left on base; Kane County 0 - Peoria 1 |
| TOP OF THE 5TH |
|
Kane County Cougars batting - Pitching for Peoria Chiefs : LHP Vince Zujovic
|
|
Batting: RHB Chad Mendoza
|
0-0: Ball 1-0: Ball 2-0: Called Strike 2-1: Fly out, F8 (Line Drive, 89M, EV 98.8 MPH)
|
|
Batting: SHB John Cummings
|
0-0: Foul Ball, location: 2F 0-1: Swinging Strike 0-2: Strikes out swinging
|
|
Batting: RHB D.J. Cooke
|
0-0: Foul Ball, location: 2F 0-1: Foul Ball, location: 2F 0-2: Ball 1-2: Foul Ball, location: 2F 1-2: Strikes out swinging
|
| Top of the 5th over - 0 runs, 0 hits, 0 errors, 0 left on base; Kane County 0 - Peoria 1 |
| BOTTOM OF THE 5TH |
|
Peoria Chiefs batting - Pitching for Kane County Cougars : RHP Reynaldo Edwards
|
|
Batting: RHB Bobby Miles
|
0-0: Swinging Strike 0-1: Ball 1-1: Ball 2-1: Called Strike 2-2: Strikes out swinging
|
|
Batting: SHB Hank Arias
|
0-0: Ball 1-0: Ball 2-0: Ball 3-0: Foul Ball, location: 2F 3-1: Base on Balls
|
|
Batting: RHB Julio Sandoval
|
0-0: Called Strike 0-1: Ball Hank Arias steals 2nd base 1-1: Foul Ball, location: 2F 1-2: Ball 2-2: Ball 3-2: Base on Balls
|
|
Batting: RHB Robby Hickman
|
0-0: Grounds into double play, 6-4-3 (Groundball, 6, EV 80.6 MPH)
|
| Bottom of the 5th over - 0 runs, 0 hits, 0 errors, 1 left on base; Kane County 0 - Peoria 1 |
| TOP OF THE 6TH |
|
Kane County Cougars batting - Pitching for Peoria Chiefs : LHP Vince Zujovic
|
|
Batting: RHB Sergio Manzanero
|
0-0: Called Strike 0-1: Swinging Strike 0-2: Foul Ball, location: 2F 0-2: Strikes out swinging
|
|
Pitching: LHP Jon Zaragoza
|
|
|
Batting: RHB Gary Hills
|
0-0: Ball 1-0: Ball 2-0: Ball 3-0: Called Strike 3-1: Base on Balls
|
|
Pinch Hitting: RHB Ernesto Zamora
|
0-0: Called Strike 0-1: Ball 1-1: Foul Ball, location: 2F 1-2: Ball 2-2: Fly out, F4 (Line Drive, 4D, EV 64.4 MPH)
|
|
Batting: RHB Francisco Gutierrez
|
0-0: Ground out 4-3 (Groundball, 34, EV 94.4 MPH)
|
| Top of the 6th over - 0 runs, 0 hits, 0 errors, 1 left on base; Kane County 0 - Peoria 1 |
| BOTTOM OF THE 6TH |
|
Peoria Chiefs batting - Pitching for Kane County Cougars : RHP Reynaldo Edwards
|
|
Now in CF: Enrique Ponce
|
|
|
Batting: RHB Tommy Tracy
|
0-0: Called Strike 0-1: Ball 1-1: Foul Ball, location: 2F 1-2: Ground out 6-3 (Groundball, 6, EV 84.4 MPH)
|
|
Batting: SHB Gerardo Macias
|
0-0: Ball 1-0: Fly out, F9 (Line Drive, 9S, EV 91.9 MPH)
|
|
Batting: RHB Edgar Landim
|
0-0: Ball 1-0: Fly out, F3 (Popup, 34, EV 82.5 MPH)
|
| Bottom of the 6th over - 0 runs, 0 hits, 0 errors, 0 left on base; Kane County 0 - Peoria 1 |
| TOP OF THE 7TH |
|
Kane County Cougars batting - Pitching for Peoria Chiefs : LHP Jon Zaragoza
|
|
Batting: SHB Blaine Peters
|
0-0: Ball 1-0: Ball 2-0: Fly out, F8 (Line Drive, 8LM, EV 96.9 MPH)
|
|
Batting: LHB J.P. Olson
|
0-0: Foul Ball, location: 2F 0-1: Ground out 4-3 (Groundball, 4, EV 86.9 MPH)
|
|
Batting: RHB Chad Mendoza
|
0-0: Ball 1-0: Ground out 4-3 (Groundball, 4, EV 84.4 MPH)
|
| Top of the 7th over - 0 runs, 0 hits, 0 errors, 0 left on base; Kane County 0 - Peoria 1 |
| BOTTOM OF THE 7TH |
|
Peoria Chiefs batting - Pitching for Kane County Cougars : RHP Reynaldo Edwards
|
|
Batting: LHB Ken Morehead
|
0-0: Ball 1-0: Called Strike 1-1: Foul Ball, location: 2F 1-2: Foul Ball, location: 2F 1-2: Ball 2-2: Fly out, F7 (Flyball, 78M, EV 88.8 MPH)
|
|
Batting: RHB Pat Scaturro
|
0-0: Ball 1-0: Ball 2-0: Foul Ball, location: 2F 2-1: SINGLE (Groundball, 56S, EV 65.0 MPH) (infield hit)
|
|
Batting: RHB Bobby Miles
|
0-0: Ball 1-0: Swinging Strike 1-1: Foul Ball, location: 2F 1-2: Ball 2-2: Ball 3-2: Foul Ball, location: 2F 3-2: Base on Balls Pat Scaturro to second
|
|
Pitching: RHP Jaylen Hatten
|
|
|
Batting: SHB Hank Arias
|
0-0: Ball 1-0: SINGLE (Groundball, 4D, EV 96.9 MPH) Pat Scaturro to third Bobby Miles to second
|
|
Batting: RHB Julio Sandoval
|
0-0: Called Strike 0-1: Called Strike 0-2: GRAND SLAM HOME RUN (Flyball, 78XD, EV 105.6 MPH), Distance : 409 ft
|
|
Batting: RHB Robby Hickman
|
0-0: Ball 1-0: Ball 2-0: SINGLE (Groundball, 4D, EV 95.6 MPH)
|
|
Batting: RHB Tommy Tracy
|
0-0: Grounds into double play, 6-4-3 (Groundball, 6, EV 104.4 MPH)
|
| Bottom of the 7th over - 4 runs, 4 hits, 0 errors, 0 left on base; Kane County 0 - Peoria 5 |
| TOP OF THE 8TH |
|
Kane County Cougars batting - Pitching for Peoria Chiefs : LHP Jon Zaragoza
|
|
Batting: SHB John Cummings
|
0-0: Ball 1-0: Ground out 6-3 (Groundball, 6M, EV 78.8 MPH)
|
|
Batting: RHB D.J. Cooke
|
0-0: Ball 1-0: Ball 2-0: Called Strike 2-1: Swinging Strike 2-2: Strikes out swinging
|
|
Batting: RHB Sergio Manzanero
|
0-0: Called Strike 0-1: Ball 1-1: Called Strike 1-2: Ball 2-2: Ball 3-2: Foul Ball, location: 2F 3-2: Strikes out looking
|
| Top of the 8th over - 0 runs, 0 hits, 0 errors, 0 left on base; Kane County 0 - Peoria 5 |
| BOTTOM OF THE 8TH |
|
Peoria Chiefs batting - Pitching for Kane County Cougars : RHP Jaylen Hatten
|
|
Batting: SHB Gerardo Macias
|
0-0: Ball 1-0: Called Strike 1-1: Foul Ball, location: 2F 1-2: Ball 2-2: Foul Ball, location: 2F 2-2: Strikes out swinging
|
|
Batting: RHB Edgar Landim
|
0-0: Ball 1-0: Foul Ball, location: 2F 1-1: Ball 2-1: Foul Ball, location: 2F 2-2: Strikes out looking
|
|
Batting: LHB Ken Morehead
|
0-0: Foul Ball, location: 2F 0-1: SOLO HOME RUN (Flyball, 9D, EV 97.5 MPH), Distance : 373 ft
|
|
Batting: RHB Pat Scaturro
|
0-0: Foul Ball, location: 2F 0-1: Ground out 6-3 (Groundball, P, EV 82.5 MPH)
|
| Bottom of the 8th over - 1 run, 1 hit, 0 errors, 0 left on base; Kane County 0 - Peoria 6 |
| TOP OF THE 9TH |
|
Kane County Cougars batting - Pitching for Peoria Chiefs : LHP Jon Zaragoza
|
|
Batting: RHB Gary Hills
|
0-0: Ball 1-0: Foul Ball, location: 2F 1-1: SINGLE (Line Drive, 9LS, EV 100.0 MPH)
|
|
Batting: LHB Enrique Ponce
|
0-0: Ball 1-0: Ball 2-0: Grounds into double play, 4-6-3 (Groundball, 4, EV 78.1 MPH)
|
|
Batting: RHB Francisco Gutierrez
|
0-0: Ball 1-0: Called Strike 1-1: Fly out, F7 (Flyball, 7LS, EV 89.4 MPH)
|
| Top of the 9th over - 0 runs, 1 hit, 0 errors, 0 left on base; Kane County 0 - Peoria 6 |
|